 Dungeon Sprint DCSS version 0.20.1-1-g8b1a95d (webtiles) character file.

13603 dvd the Blocker (level 11, -6/119 HPs)
             Began as a Troll Berserker on Dec 10, 2017.
             Was the Champion of Trog.
             Mangled by a vampire knight
             ... wielding a +0 bardiche
              (26 damage)
             ... in the Dungeon (Sprint V: "Ziggurat Sprint").
             The game lasted 00:20:54 (843 turns).

dvd the Blocker (Troll Berserker)                    Turns: 843, Time: 00:20:55

Health: -6/119     AC: 28    Str: 27    XL:     11   Next: 77%
Magic:  10/10      EV:  1    Int:  7    God:    Trog [******]
Gold:   0          SH: 32    Dex: 21    Spells: 10/10 levels left

rFire    + + .     SeeInvis .   z - +8 lance "Wyrmbane" {slay drac, rPois rF+ rC+ AC+3}
rCold    + + .     Gourm    +   O - +18 shield of the Gong {rElec rN+ MR+ EV-5}
rNeg     + . .     Faith    .   T - +5 gold dragon scales
rPois    +         Spirit   .   B - +2 hat {MR+}
rElec    +         Reflect  .   (no cloak)
rCorr    .         Harm     .   (gloves unavailable)
MR       +++++     NoTele   +   (boots unavailable)
Stlth    ..........             (no amulet)
Regen    1.7/turn               a - ring of Kikubaaqudgha's Regard {rF- MR+ Int+4 Dex+6 Stlth+}
MPRegen  0.2/turn               X - ring "Puowkawe" {rF+ MR+ Dex+3 Stlth+}

@: berserk cooldown, regenerating, slowed, very slow
A: unfitting armour, claws 3, fast metabolism 3, gourmand, regeneration 1,
shaggy fur 1, tough skin 2
a: Berserk, Trog's Hand, Brothers in Arms, Burn Spellbooks, Renounce Religion


You were in the Dungeon.
You worshipped Trog.
Trog was exalted by your worship.
You were full.

You visited 1 branch

Inventory:

Hand Weapons
 x - the +8 trident of the Octopus King {venom, rElec rPois MR+}
   (You found it in the Dungeon)

   It poisons the flesh of those it strikes.
   It insulates you from electricity.
   It protects you from poison.
   It affects your resistance to hostile enchantments.
 y - the +7 great mace "Firestarter" {inner flame, rF++}
   (You found it in the Dungeon)

   It has been specially enchanted to burn those struck by it, causing extra
   injury to most foes and up to half again as much damage against particularly
   susceptible opponents.
   It greatly protects you from fire.
 z - the +8 lance "Wyrmbane" (weapon) {slay drac, rPois rF+ rC+ AC+3}
   (You found it in the Dungeon)

   It affects your AC (+3).
   It protects you from fire.
   It protects you from cold.
   It protects you from poison.
 A - the +0 hunting sling of Tupn {freeze, rPois Str+4 Int+3}
   (Trog gifted it to you in the Dungeon)

   It causes projectiles fired from it to freeze those they strike, causing
   extra injury to most foes and up to half again as much damage against
   particularly susceptible opponents.
   They can also slow down cold-blooded creatures.
   It affects your strength (+4).
   It affects your intelligence (+3).
   It protects you from poison.
 C - the +11 plutonium sword {*Contam Stlth-}
   (You found it in the Dungeon)

   It causes magical contamination when unequipped.
   It makes you less stealthy.
 D - the cursed +13 scythe of Curses {drain, *Curse}
   (You found it in the Dungeon)

   A truly terrible weapon, it drains the life of those it strikes.
   It curses itself when equipped.
   It has a curse placed upon it.
 E - the +6 shillelagh "Devastator" {shatter}
   (You found it in the Dungeon)
 F - the +7 sceptre of Torment
   (You found it in the Dungeon)
 V - the +10 dark maul {crush}
   (You found it in the Dungeon)

   It inflicts extra damage upon your enemies.
 W - the +10 long sword of Jovar {venom, *Corrode +Fly Int+3 Dex+7}
   (You found it in the Dungeon)

   It poisons the flesh of those it strikes.
   It affects your intelligence (+3).
   It affects your dexterity (+7).
   It lets you fly.
   It may corrode you when you take damage.
 Z - the +5 demon whip "Spellbinder" {antimagic, MR+}
   (You found it in the Dungeon)

   It reduces the magical energy of the wielder, and disrupts the spells and
   magical abilities of those hit.
   Natural abilities and divine invocations are not affected.
   It affects your resistance to hostile enchantments.
Missiles
 U - 5 large rocks (quivered)
Armour
 B - a +2 hat of magic resistance (worn)
 O - the +18 shield of the Gong (worn) {rElec rN+ MR+ EV-5}
   (You found it in the Dungeon)

   It affects your evasion (-5).
   It insulates you from electricity.
   It protects you from negative energy.
   It affects your resistance to hostile enchantments.
 T - +5 gold dragon scales (worn)
Jewellery
 a - the ring of Kikubaaqudgha's Regard (left claw) {rF- MR+ Int+4 Dex+6 Stlth+}
   (You found it in the Dungeon)

   [ring of protection from magic]

   It affects your intelligence (+4).
   It affects your dexterity (+6).
   It makes you vulnerable to fire.
   It affects your resistance to hostile enchantments.
   It makes you more stealthy.
 m - an uncursed ring of protection from magic
 G - the ring "Mef Ciro" {*Slow rElec rPois Int+2 Dex+4}
   (You found it in the Dungeon)

   [ring of intelligence]

   It affects your intelligence (+2).
   It affects your dexterity (+4).
   It insulates you from electricity.
   It protects you from poison.
   It may slow you when you take damage.
 J - a +6 ring of dexterity
 L - a +6 ring of intelligence
 N - a +6 ring of strength
 X - the ring "Puowkawe" (right claw) {rF+ MR+ Dex+3 Stlth+}
   (You found it in the Dungeon)

   [ring of protection from fire]

   It affects your dexterity (+3).
   It protects you from fire.
   It affects your resistance to hostile enchantments.
   It makes you more stealthy.
Wands
 P - a wand of disintegration (7/24)
 Q - a wand of iceblast (5/15)
 R - a wand of lightning (5/15)
 S - a wand of acid (5/15)
Scrolls
 i - 4 scrolls of blinking
 p - 3 scrolls of recharging
 q - 7 scrolls of fog
 r - a scroll of holy word
 s - 5 scrolls of identify
 t - 5 scrolls of remove curse
 u - 2 scrolls of fear
 I - a scroll of brand weapon
Potions
 d - 10 potions of curing
 e - 12 potions of heal wounds
 f - 9 potions of haste
 g - 7 potions of magic
 h - 3 potions of berserk rage
 j - 2 potions of brilliance
 k - 2 potions of invisibility
 l - 4 potions of resistance
 n - 6 potions of agility
 o - 7 potions of might
Miscellaneous
 H - a lightning rod (4/4)
Comestibles
 b - 16 chunks of flesh
 c - 6 bread rations
 v - 42 fruits
 w - 4 meat rations


   Skills:
 + Level 10.4 Fighting
 + Level 6.7 Maces & Flails
 + Level 12.9 Polearms
 + Level 2.5 Throwing
 + Level 7.3 Armour
 + Level 6.1 Dodging
 + Level 13.8 Shields


You had 10 spell levels left.
You didn't know any spells.

Dungeon Overview and Level Annotations

Branches:
Dungeon (1/1)

Altars:
Ashenzari
Cheibriados
Dithmenos
Elyvilon
Fedhas
Gozag
Hepliaklqana
Kikubaaqudgha
Makhleb
Nemelex Xobeh
Okawaru
Qazlal
Ru
Sif Muna
Trog
Uskayaw
Vehumet
Xom
Yredelemnul
Zin
The Shining One
Beogh
Jiyva
Lugonu

Annotations:
D 1 transporter


Innate Abilities, Weirdness & Mutations

You are too large for most types of armour.
You have claws for hands.
Your metabolism is lightning-fast.
You like to eat raw meat.
Your natural rate of healing is unusually fast.
You are covered in fur. (AC +1)
You have very tough skin. (AC +2)


Message History

GONNNNG!
You block something's attack.
PTOANNNG!
Unknown command.
You hit something.
Unknown command.
You closely miss something. You block something's attack.
BOUMMMMG!
Something bites you but does no damage.
Unknown command.
Unknown command.
You completely miss something. Something hits you but does no damage.
Something bites you.
* * * LOW HITPOINT WARNING * * *
Something draws strength from your injuries!
Unknown command.
You puncture something!
Your stone giant rages.
Something hits you!!
You die...

▓▓▓▓▓▓▓▓▓▓▓▓▓▓▓▓▓▓▓
▓...8©8...▓...8©8...▓
▓...:}}[..▓..)=.."..▓
▓..}.}.=..▓...=..)..▓
▓.........▓.........▓
▓.........▓.........▓
▓.........▓.........▓
▓...{C)...▓.........▓
▓...)@....▓.▓.....▓.▓
▓.▓..)[.▓.▓....)....▓
▓.........▓▓▓▓▓▓▓▓▓▓▓
▓▓▓▓▓▓▓▓▓▓▓


You could see a friendly stone giant (berserk).

Vanquished Creatures
  2 vampire magi (D)
  A skeletal warrior (D)
  A wretched star (D)
  A necromancer (D)
  A cyclops (D)
  6 merfolk (D)
  A jumping spider (D)
  A slime creature (D)
  2 hippogriffs (D)
  2 golden eyes (D)
  A porcupine (D)
  An orc warrior (D)
  An eye of draining (D)
  2 centaurs (D)
  2 wolves (D)
  A crocodile (D)
  A bullfrog (D)
  2 scorpions (D)
  2 crimson imps (D)
  4 orc priests (D)
  6 jellies (D)
  An orc wizard (D)
  2 iguanas (D)
  A shadow imp (D)
  3 oozes (D)
  An adder zombie (D)
  2 orcs (D)
  2 ball pythons (D)
53 creatures vanquished.

Vanquished Creatures (collateral kills)
  An ancient lich (D)
  A skeletal warrior (D)
  An ushabti (D)
  A necrophage (D)
  5 mummies (D)
  A quokka skeleton (D)
10 creatures vanquished.

Grand Total: 63 creatures vanquished

Notes
Turn   | Place    | Note
-------+----------+-------------------------------------------
     0 | D        | dvd the Troll Berserker began the quest for the Orb.
     0 | D        | Reached XP level 1. HP: 22/22 MP: 0/0
     0 | D        | Found a deep blue altar of Sif Muna.
     0 | D        | Found a sacrificial altar of Ru.
     0 | D        | Found a bloodstained altar of Trog.
     0 | D        | Found a stormy altar of Qazlal.
     0 | D        | Found an iron altar of Okawaru.
     0 | D        | Found a sparkling altar of Nemelex Xobeh.
     0 | D        | Found a blossoming altar of Fedhas.
     2 | D        | Found a transporter.
     2 | D        | Found an ancient bone altar of Kikubaaqudgha.
     2 | D        | Found a viscous altar of Jiyva.
     2 | D        | Found a corrupted altar of Lugonu.
     2 | D        | Found a hazy altar of Hepliaklqana.
     2 | D        | Found a burning altar of Makhleb.
     2 | D        | Found an opulent altar of Gozag.
   103 | D        | Entered arena 2.
   103 | D        | Found a transporter.
   119 | D        | Entered arena 3.
   119 | D        | Noticed a scorpion
   119 | D        | Noticed a jumping spider
   119 | D        | Noticed a scorpion
   119 | D        | Found a transporter.
   124 | D        | Killed a scorpion
   124 | D        | Reached ** piety under Trog
   124 | D        | Reached XP level 2. HP: 32/32 MP: 1/1
   124 | D        | Reached XP level 3. HP: 39/39 MP: 2/2
   130 | D        | Killed a scorpion
   130 | D        | Reached skill level 5 in Maces & Flails
   130 | D        | Reached skill level 1 in Polearms
   130 | D        | Reached skill level 1 in Shields
   130 | D        | Reached XP level 4. HP: 49/49 MP: 3/3
   153 | D        | Killed a jumping spider
   153 | D        | Reached skill level 1 in Armour
   153 | D        | Reached skill level 5 in Dodging
   153 | D        | Reached skill level 3 in Shields
   153 | D        | Reached XP level 5. HP: 35/59 MP: 4/4
   153 | D        | Reached XP level 6. HP: 40/67 MP: 5/5
   164 | D        | Reached *** piety under Trog
   197 | D        | Entered arena 4.
   197 | D        | Found a transporter.
   209 | D        | Reached **** piety under Trog
   214 | D        | Reached skill level 4 in Shields
   233 | D        | Got the +10 long sword of Jovar {venom, *Corrode +Fly Int+3 Dex+7}
   240 | D        | Entered arena 5.
   240 | D        | Noticed a wretched star
   240 | D        | Found a transporter.
   254 | D        | Killed a wretched star
   254 | D        | Reached skill level 6 in Shields
   254 | D        | Reached XP level 7. HP: 78/78 MP: 6/6
   256 | D        | Reached ***** piety under Trog
   261 | D        | Reached XP level 8. HP: 87/87 MP: 7/7
   265 | D        | Got the ring "Puowkawe" {rF+ MR+ Dex+3 Stlth+}
   267 | D        | Got the ring of Hulao {MP+9 EV+1}
   294 | D        | Entered arena 6.
   294 | D        | Noticed a merfolk
   294 | D        | Noticed a merfolk
   294 | D        | Noticed a merfolk
   294 | D        | Noticed a merfolk
   294 | D        | Noticed a merfolk
   294 | D        | Found a transporter.
   307 | D        | Killed a merfolk
   307 | D        | Reached skill level 7 in Shields
   313 | D        | Killed a merfolk
   323 | D        | Killed a merfolk
   332 | D        | Killed a merfolk
   332 | D        | Reached skill level 8 in Shields
   338 | D        | Killed a merfolk
   338 | D        | Reached XP level 9. HP: 64/96 MP: 8/8
   346 | D        | Reached ****** piety under Trog
   384 | D        | Entered arena 7.
   384 | D        | Noticed a merfolk
   384 | D        | Noticed a cyclops
   386 | D        | Found a transporter.
   398 | D        | Received a gift from Trog
   403 | D        | Killed a cyclops
   403 | D        | Reached skill level 10 in Polearms
   403 | D        | Reached skill level 9 in Shields
   419 | D        | Killed a merfolk
   419 | D        | Reached skill level 10 in Shields
   423 | D        | Got the ring of Kikubaaqudgha's Regard {rF- MR+ Int+4 Dex+6 Stlth+}
   470 | D        | Reached skill level 1 in Throwing
   470 | D        | Reached skill level 5 in Armour
   470 | D        | Reached XP level 10. HP: 106/106 MP: 9/9
   477 | D        | Entered arena 8.
   478 | D        | Found a transporter.
   484 | D        | Received a gift from Trog
   497 | D        | Got a crude hunting sling {god gift}
   498 | D        | Identified the +0 hunting sling of Tupn {freeze, rPois Str+4 Int+3} (Trog gifted it to you in the Dungeon)
   520 | D        | Entered arena 9.
   525 | D        | Received a gift from Trog
   526 | D        | Found a transporter.
   553 | D        | Received a gift from Trog
   581 | D        | Entered arena 10.
   582 | D        | Found a transporter.
   620 | D        | Received a gift from Trog
   682 | D        | Entered arena 11.
   686 | D        | Reached skill level 11 in Shields
   709 | D        | Received a gift from Trog
   710 | D        | Found a transporter.
   720 | D        | Reached XP level 11. HP: 112/115 MP: 1/10
   757 | D        | Got the ring "Mef Ciro" {*Slow rElec rPois Int+2 Dex+4}
   795 | D        | Entered arena 12.
   795 | D        | Noticed a vampire knight
   795 | D        | Noticed a skeletal warrior
   795 | D        | Noticed a vampire mage
   795 | D        | Noticed a vampire mage
   795 | D        | Noticed a necromancer
   796 | D        | Noticed a skeletal warrior
   796 | D        | Noticed an ancient lich
   804 | D        | Received a gift from Trog
   808 | D        | Killed a skeletal warrior
   815 | D        | Killed an ancient lich
   815 | D        | Reached skill level 10 in Fighting
   815 | D        | Reached skill level 13 in Shields
   820 | D        | Killed a vampire mage
   827 | D        | Killed a necromancer
   827 | D        | Received a gift from Trog
   828 | D        | Killed a vampire mage
   829 | D        | Found a transporter.
   831 | D        | Killed a skeletal warrior
   837 | D        | HP: 1/119 [something (21)]
   843 | D        | Mangled by a vampire knight

Skill      XL: |  1  2  3  4  5  6  7  8  9 10 11 |
---------------+----------------------------------+-----
Maces & Flails | 4 5 6 |  6.7
Fighting       | 4 6 7 8 9 10 | 10.4
Dodging        | 3 4 5 6 |  6.1
Polearms       | 1 3 7 9 10 11 12 | 12.9
Shields        | 1 3 6 8 10 11 13 | 13.8
Armour         | 1 2 4 5 7 |  7.3
Throwing       | 1 2 |  2.5

Action                   |  1- 3 |  4- 6 |  7- 9 | 10-12 || total
-------------------------+-------+-------+-------+-------++-------
Melee: Lance             |    10 |    36 |    78 |   139 ||   263
Throw: Large rock        |       |       |       |     2 ||     2
Invok: Burn Spellbooks   |       |     2 |     1 |     3 ||     6
       Berserk           |       |     1 |     2 |     1 ||     4
       Brothers in Arms  |       |       |       |     3 ||     3
       Trog's Hand       |       |       |       |     2 ||     2
  Use: Potion            |       |       |     1 |     2 ||     3
       Scroll            |       |       |       |     1 ||     1
  Eat: Chunk             |     2 |       |    11 |     3 ||    16
Armor: Gold dragon scale |     6 |    21 |    34 |    36 ||    97
Dodge: Dodged            |       |     2 |     2 |     2 ||     6
Block: Shield            |    14 |    63 |   101 |   145 ||   323
